 Dungeon Crawl Stone Soup version 0.29.0-4-gdea44cf6ec (webtiles) character file.

Game seed: 13954086219586822490

559 qw the Chopper (level 7, -1/41 HPs)
             Began as a Tengu Warper on Aug 28, 2022.
             Succumbed to a scorpion's poison
             ... on level 5 of the Dungeon.
             The game lasted 00:00:26 (4394 turns).

qw the Chopper (Tengu Warper)                       Turns: 4394, Time: 00:00:27

Health: -1/41      AC: 16    Str: 13    XL:     7   Next: 31%
Magic:  11/11      EV:  7    Int: 13    God:
Gold:   102        SH:  0    Dex: 14    Spells: 10/10 levels left

rFire   . . .      SeeInvis .   Y - +1 hand axe (protect)
rCold   . . .      Faith    .   (no shield)
rNeg    . . .      Spirit   .   b - +0 chain mail
rPois   .          Reflect  .   (helmet restricted)
rElec   .          Harm     .   a - +0 cloak
rCorr   .          Rampage  .   (no gloves)
Will    +....                   (boots unavailable)
Stlth   ..........              (no amulet)
HPRegen 0.13/turn               j - ring of willpower
MPRegen 0.12/turn               (no ring)

@: lethally poisoned (-1 -> -7), under a protective aura, flying quickly and
evasively, quick
A: beak, talons 3, nimble flight
a: no special abilities


You were on level 5 of the Dungeon.
You visited 1 branch of the dungeon, and saw 5 of its levels.

You collected 152 gold pieces.
You spent 50 gold pieces at shops.


Innate Abilities, Weirdness & Mutations

You have a beak for a mouth.
You have claws for feet.
Your magical nature lets you fly swiftly and evasively.


   Skills:
 - Level 3.1 Fighting
 + Level 7.9 Axes
 - Level 1.0 Throwing
 - Level 2.1 Armour
 - Level 2.1 Dodging
 - Level 2.0 Spellcasting
 - Level 2.4 Translocations


You had 10 spell levels left.
You didn't know any spells.
Your spell library contained the following spells:

 Spells                   Type           Power      Damage    Failure   Level
 Blink                    Tloc           14%        N/A       99%         2
 Gell's Gravitas          Tloc           7%         N/A       100%        3
 Lesser Beckoning         Tloc           7%         N/A       100%        3
 Teleport Other           Tloc           7%         N/A       100%        3
 Manifold Assault         Tloc           7%         N/A       100%        5

Inventory:

Hand Weapons
 d - a +0 flail
 Y - a +1 hand axe of protection (weapon)
Missiles
 c - a boomerang (quivered)
Armour
 a - a +0 cloak (worn)
 b - a +0 chain mail (worn)
Jewellery
 i - a ring of fire
 j - a ring of willpower (left hand)
Scrolls
 e - 5 scrolls of identify
Potions
 g - 3 potions of might
 h - a potion of curing

Dungeon Overview and Level Annotations

Branches:
Dungeon (5/15)
 Temple: D:4-7

Altars:
Qazlal
Yredelemnul

Shops:
D:2 :?[*   D:3 ?

Annotations:
D:3 1 runed translucent door


Message History

The orc barely misses you. The scorpion barely misses you.
The orc barely misses you.
You barely miss the scorpion.
The scorpion is heavily wounded.
You hit the orc. x2
You kill the orc!
The scorpion stings you.
You are lethally poisoned!
The scorpion poisons you! The orc closely misses you.
You hit the orc but do no damage. You claw the orc.
You kill the orc!
You hit the ice beast. You closely miss the scorpion.
You feel very sick.
The scorpion stings you but does no damage.
The ice beast hits you but does no damage.
You hit the scorpion.
The scorpion is severely wounded.
You hit the ice beast but do no damage.
You feel very sick.
The scorpion stings you but does no damage.
The ice beast hits you but does no damage.
The scorpion stings you but does no damage.
You closely miss the scorpion. Your kick misses the scorpion.
The scorpion is heavily wounded.
You barely miss the ice beast.
You feel sick. The ice beast barely misses you.
The scorpion stings you but does no damage.
You hit the scorpion but do no damage. Your kick misses the scorpion.
The scorpion is heavily wounded.
You hit the gnoll bouda but do no damage.
You hit the ice beast but do no damage.
You feel sick.
The gnoll bouda hits you but does no damage.
The ice beast hits you but does no damage.
The scorpion stings you but does no damage.
You hit the scorpion but do no damage.
The scorpion is heavily wounded.
You hit the gnoll bouda. You hit the ice beast but do no damage.
Your attacks no longer feel as feeble.
You die... #.....# ##.....## #...)...# ##..<..## #.)....# ###.##.# ####.# #.# #@# #gYsog.PP.

#..#J.P~~.
.....~~~PP
.#..#
~~~~.
.....#
~~~~~ ..
...# .~~.
.#...#.#
~~~~


You could see an ice beast, a gnoll sergeant (swift), a gnoll bouda, a scorpion,
a jelly and an orc.

Vanquished Creatures
  A black bear (D:4)
  A centaur (D:5)
  2 scorpions (D:4)
  2 hounds (D:4)
  An iguana (D:4)
  An orc wizard (D:5)
  6 gnolls
  3 adders (D:2)
  A worm (D:4)
  4 dart slugs
  3 orcs
  2 bats
  4 endoplasms
  7 giant cockroaches
  5 goblins
  8 hobgoblins
  2 jackals (D:2)
  A quokka (D:3)
  7 ball pythons
  4 frilled lizards
  9 kobolds
  4 rats
78 creatures vanquished.

Notes
Turn   | Place    | Note
-------+----------+-------------------------------------------
     0 | D:1      | qw the Tengu Warper began the quest for the Orb.
     0 | D:1      | Reached XP level 1. HP: 12/12 MP: 4/4
     0 | D:1      | 0 ||| qw: Version: 0.1-a-89-g26bdef1
     0 | D:1      | 0 ||| qw: Game counter: 1610
     0 | D:1      | 0 ||| qw: Always use a shield: true
     0 | D:1      | 0 ||| qw: God list: Okawaru
     0 | D:1      | 0 ||| qw: Allow faded altars: false
     0 | D:1      | 0 ||| qw: Do Orc after D:15 true
     0 | D:1      | 0 ||| qw: Do second Lair branch before Depths: true
     0 | D:1      | 0 ||| qw: Lair rune preference: random
     0 | D:1      | 0 ||| qw: Plans: Normal
     0 | D:1      | 0 ||| PLANNING D:1-11
   185 | D:1      | 185 ||| Stepping ~*~*~tactically~*~*~ (stealth).
   280 | D:1      | Reached XP level 2. HP: 11/17 MP: 6/6
   452 | D:1      | Reached skill level 3 in Axes
  1048 | D:1      | Found a faded altar of an unknown god.
  1055 | D:1      | 1055 ||| READING scroll labelled ELUPTAINAORPH.
  1056 | D:1      | 1056 ||| READING scroll labelled ONUUGOUMIH.
  1157 | D:1      | 1157 ||| READING scroll labelled JOAB BUNNI.
  1158 | D:1      | 1158 ||| READING scroll labelled KEAMNEC WO GAR.
  1159 | D:1      | 1159 ||| READING scroll labelled DEEKUR GEMIT.
  1160 | D:1      | 1160 ||| DRINKING 2 bubbling amethyst potions.
  1161 | D:1      | 1161 ||| DROPPING scroll of blinking.
  1231 | D:2      | Found Enouteas's General Store.
  1238 | D:2      | 1238 ||| SHOPLISTING +2 ring mail of positive energy (198
                  | gold, have 30).
  1238 | D:2      | 1238 ||| SHOPLISTING +4 ring of evasion (396 gold, have
                  | 30).
  1238 | D:2      | 1238 ||| BUYING scroll of identify (22 gold).
  1238 | D:2      | Bought a scroll of identify for 22 gold pieces
  1238 | D:2      | 1238 ||| SHOPLISTING scroll of identify (22 gold, have 8).
  1306 | D:2      | Found Tiucsisah's Armour Boutique.
  1316 | D:2      | 1316 ||| SHOPLISTING +0 plate armour (299 gold, have 12).
  1316 | D:2      | 1316 ||| SHOPLISTING +3 scale mail of cold resistance (338
                  | gold, have 12).
  1367 | D:2      | Reached XP level 3. HP: 21/21 MP: 7/7
  1419 | D:2      | 1419 ||| Stepping ~*~*~tactically~*~*~ (stealth).
  1420 | D:2      | 1420 ||| Stepping ~*~*~tactically~*~*~ (stealth).
  1421 | D:2      | 1421 ||| Stepping ~*~*~tactically~*~*~ (stealth).
  1422 | D:2      | 1422 ||| Stepping ~*~*~tactically~*~*~ (stealth).
  1423 | D:2      | 1423 ||| Stepping ~*~*~tactically~*~*~ (stealth).
  1428 | D:2      | 1428 ||| Stepping ~*~*~tactically~*~*~ (stealth).
  1434 | D:2      | 1434 ||| Stepping ~*~*~tactically~*~*~ (hiding).
  1476 | D:2      | 1476 ||| Stepping ~*~*~tactically~*~*~ (stealth).
  1481 | D:2      | 1481 ||| Stepping ~*~*~tactically~*~*~ (stealth).
  1482 | D:2      | 1482 ||| Stepping ~*~*~tactically~*~*~ (stealth).
  1484 | D:2      | 1484 ||| Stepping ~*~*~tactically~*~*~ (stealth).
  1486 | D:2      | 1486 ||| Stepping ~*~*~tactically~*~*~ (stealth).
  1488 | D:2      | 1488 ||| Stepping ~*~*~tactically~*~*~ (stealth).
  1489 | D:2      | 1489 ||| Stepping ~*~*~tactically~*~*~ (stealth).
  1492 | D:2      | 1492 ||| Stepping ~*~*~tactically~*~*~ (stealth).
  1494 | D:2      | 1494 ||| Stepping ~*~*~tactically~*~*~ (stealth).
  1505 | D:2      | Reached skill level 4 in Axes
  1840 | D:2      | 1840 ||| Stepping ~*~*~tactically~*~*~ (stealth).
  1844 | D:2      | Found Sobb's Magic Scroll Emporium.
  1852 | D:2      | Found Doxkifep's Book Shoppe.
  1854 | D:2      | 1854 ||| SHOPLISTING scroll of enchant weapon (90 gold,
                  | have 17).
  1854 | D:2      | 1854 ||| SHOPLISTING scroll of identify (24 gold, have 17).
  1854 | D:2      | 1854 ||| SHOPLISTING scroll of teleportation (36 gold, have
                  | 17).
  1896 | D:2      | Reached XP level 4. HP: 26/26 MP: 8/8
  1971 | D:2      | 1971 ||| Stepping ~*~*~tactically~*~*~ (stealth).
  1973 | D:2      | 1973 ||| Stepping ~*~*~tactically~*~*~ (stealth).
  2069 | D:2      | 2069 ||| UPGRADING to +0 cloak.
  2074 | D:2      | 2074 ||| UPGRADING to +0 scale mail.
  2084 | D:2      | 2084 ||| DROPPING +0 leather armour.
  2085 | D:2      | 2085 ||| UPGRADING to ring of willpower.
  2086 | D:2      | 2086 ||| DROPPING ring of magical power.
  2087 | D:2      | 2087 ||| READING scroll labelled BALOHI COSE.
  2088 | D:2      | 2088 ||| READING 5 scrolls of identify.
  2088 | D:2      | 2088 ||| IDENTIFYING viscous blue potion
  2089 | D:2      | 2089 ||| READING 4 scrolls of identify.
  2089 | D:2      | 2089 ||| IDENTIFYING grey potion
  2090 | D:2      | 2090 ||| READING 3 scrolls of identify.
  2090 | D:2      | 2090 ||| IDENTIFYING brown potion
  2091 | D:2      | 2091 ||| DROPPING potion of magic.
  2092 | D:2      | 2092 ||| DROPPING potion of ambrosia.
  2118 | D:3      | 2118 ||| STAIRDANCE
  2185 | D:3      | 2185 ||| Stepping ~*~*~tactically~*~*~ (stealth).
  2242 | D:3      | Reached skill level 5 in Axes
  2303 | D:3      | Noticed a human
  2304 | D:3      | Found a runed translucent door.
  2306 | D:3      | 2306 ||| Stepping ~*~*~tactically~*~*~ (hiding).
  2307 | D:3      | 2307 ||| Stepping ~*~*~tactically~*~*~ (hiding).
  2317 | D:3      | HP: 3/26 [gnoll/+0 club (5)]
  2318 | D:3      | HP: 1/26 [gnoll/+0 spear (2)]
  2340 | D:3      | 2340 ||| Stepping ~*~*~tactically~*~*~ (stealth).
  2341 | D:3      | 2341 ||| Stepping ~*~*~tactically~*~*~ (stealth).
  2630 | D:3      | Found a basalt altar of Yredelemnul.
  2770 | D:3      | Found Ylataath's Magic Scroll Boutique.
  2776 | D:3      | 2776 ||| SHOPLISTING scroll of enchant weapon (105 gold,
                  | have 59).
  2776 | D:3      | 2776 ||| BUYING scroll of identify (28 gold).
  2776 | D:3      | Bought a scroll of identify for 28 gold pieces
  2776 | D:3      | 2776 ||| SHOPLISTING scroll of teleportation (42 gold, have
                  | 31).
  2812 | D:3      | Gained mutation: Your magical nature lets you fly swiftly
                  | and evasively. [Tengu growth]
  2812 | D:3      | Reached XP level 5. HP: 30/30 MP: 9/9
  2923 | D:3      | 2923 ||| UPGRADING to +0 chain mail.
  2933 | D:3      | 2933 ||| DROPPING +0 scale mail.
  2934 | D:3      | 2934 ||| READING scroll labelled DAHIVU CEUZXOP.
  2935 | D:3      | 2935 ||| READING 2 scrolls labelled ELYTEKHEIDU.
  2938 | D:3      | 2938 ||| READING scroll labelled IRPHOT JOXKYDECH.
  2939 | D:3      | 2939 ||| READING 5 scrolls of identify.
  2939 | D:3      | 2939 ||| IDENTIFYING puce potion
  2940 | D:3      | 2940 ||| DROPPING potion of brilliance.
  2965 | D:4      | 2965 ||| STAIRDANCE
  3108 | D:4      | 3108 ||| Stepping ~*~*~tactically~*~*~ (stealth).
  3205 | D:4      | Reached skill level 6 in Axes
  3205 | D:4      | Reached XP level 6. HP: 30/35 MP: 10/10
  3394 | D:4      | 3394 ||| Stepping ~*~*~tactically~*~*~ (stealth).
  3469 | D:4      | Found a stormy altar of Qazlal.
  3581 | D:4      | 3581 ||| DROPPING +0 club.
  3594 | D:4      | Reached skill level 7 in Axes
  3800 | D:4      | Noticed a black bear
  3814 | D:4      | Killed a black bear
  3815 | D:4      | Reached skill level 3 in Fighting
  4128 | D:4      | 4128 ||| READING scroll labelled COCWASCHORUE.
  4229 | D:4      | 4229 ||| READING scroll of teleportation.
  4230 | D:4      | 4230 ||| STAIRDANCE
  4252 | D:5      | Entered Level 5 of the Dungeon
  4253 | D:5      | 4253 ||| PLANNING SEWER
  4253 | D:5      | 4253 ||| STAIRDANCE
  4259 | D:4      | Reached XP level 7. HP: 38/41 MP: 11/11
  4290 | D:5      | 4290 ||| STAIRDANCE
  4369 | D:5      | 4369 ||| DROPPING +0 whip.
  4389 | D:5      | HP: 10/41 [scorpion (3)]
  4391 | D:5      | HP: 4/41 [poisoned by a scorpion]
  4393 | D:5      | HP: 1/41 [poisoned by a scorpion]
  4394 | D:5      | Succumbed to a scorpion's poison

Levels and vault maps discovered:
D:1:      lightli_arrival_farm, layout_loops_ring,
          chequers_ecumenical_altar_grove
D:2:      cheibrodos_helix_gallery, layout_loops_ring, serial_shops,
          nicolae_square_shop, nicolae_lakefront_shop, nicolae_shop_trees, shop
D:3:      layout_basic, dk_yredelemnul_ordeal, serial_shops, shop, corexii_shack
D:4:      layout_loops_ring, mainiacjoe_overflow_alcove_2
D:5:      layout_loops_cross, gup_sewer_entry_glass, serial_shops, shop,
          st_stairs_4, roderic_malta_cross, serial_bayou_pond_b,
          kennysheep_decorative_pillar, minmay_fractal_squares_gapless_5

Skill      XL: |  1  2  3  4  5  6 |
---------------+-------------------+-----
Axes           | 3 4 5 6 7 |  7.9
Armour         | 2 |  2.1
Fighting       | 3 |  3.1
Throwing       | |  1.0
Dodging        | |  2.1
Spellcasting   | |  2.0
Translocations | |  2.4

Action                   |  1- 3 |  4- 6 |  7- 9 || total
-------------------------+-------+-------+-------++-------
Melee: Hand axe          |    57 |    98 |    25 ||   180
       Kick              |    15 |    33 |    10 ||    58
       Peck              |     6 |    15 |     2 ||    23
       Punch             |       |     1 |       ||     1
Throw: Boomerang         |    27 |    42 |       ||    69
  Use: Scroll            |     5 |    10 |       ||    15
       Potion            |     1 |       |       ||     1
Armor: Leather armour    |    11 |       |       ||    11
       Scale mail        |       |    16 |       ||    16
       Chain mail        |       |    52 |    35 ||    87
Dodge: Dodged            |    25 |    33 |    15 ||    73

Table legend:
 A = Non-vault XP
 B = Vault XP
 C = Vault XP percentage of total XP
 D = Non-vault monster count
 E = Vault monster count
 F = Vault count percentage of total count
                 A         B        C        D         E       F
            +---------+---------+-------+---------+---------+-------
      Total |     792 |       7 |   0.9 |      75 |       3 |   3.8
            +---------+---------+-------+---------+---------+-------
        D:1 |      26 |       0 |   0.0 |      16 |       0 |   0.0
        D:2 |      69 |       4 |   5.5 |      17 |       2 |  10.5
        D:3 |      67 |       3 |   4.3 |      18 |       1 |   5.3
        D:4 |     450 |       0 |   0.0 |      18 |       0 |   0.0
        D:5 |     180 |       0 |   0.0 |       6 |       0 |   0.0
            +---------+---------+-------+---------+---------+-------
